 Dungeon Crawl Stone Soup version 0.17-a0-1850-g688e747 (webtiles) character file.

59 Oddball22 the Caller (level 3, 0/27 HPs)
             Began as a Demonspawn Summoner on Sept 19, 2015.
             Succumbed to poison (a potion of poison)
             ... on level 2 of the Dungeon.
             The game lasted 00:11:10 (1996 turns).

Oddball22 the Caller (Demonspawn Summoner)          Turns: 1996, Time: 00:11:10

Health: 0/27       AC:  4    Str:  8    XL:     3   Next: 78%
Magic:  2/6        EV: 13    Int: 16    God:
Gold:   33         SH:  0    Dex: 14    Spells: 3 memorised, 0 levels left

rFire  . . .     SeeInvis .     f - +0 club
rCold  . . .     Clarity  .     a - +0 robe
rNeg   . . .     SustAt   .     (no shield)
rPois  .         Gourm    .     (no helmet)
rElec  .         Spirit   .     (no cloak)
rCorr  .         Warding  .     (no gloves)
rMut   .         Stasis   .     (no boots)
MR     .....                    (no amulet)
Stlth  ++........               (no ring)
                                (no ring)

@: lethally poisoned (0 -> -7), very slightly contaminated, invisible, not
resistant to hostile enchantments, unstealthy
A: yellow scales 1
a: no special abilities


You were on level 2 of the Dungeon.
You were not hungry.

You visited 1 branch of the dungeon, and saw 2 of its levels.

You collected 33 gold pieces.

Inventory:

Hand weapons
 f - a +0 club (weapon)
Armour
 a - a +0 robe (worn)
Scrolls
 e - 2 scrolls of identify {unknown}
 g - a scroll of enchant weapon {unknown}
 j - a scroll of blinking {unknown}
 k - a scroll of noise {unknown}
 m - a scroll of immolation {unknown}
 n - 2 scrolls of enchant armour {unknown}
Books
 b - a book of Callings

   Spells                             Type                      Level
   a - Summon Small Mammal            Summoning                    1
   b - Call Imp                       Summoning                    2
   c - Call Canine Familiar           Summoning                    3
   d - Summon Guardian Golem          Hexes/Summoning              3
   e - Summon Lightning Spire         Summoning/Air                4
   f - Summon Ice Beast               Ice/Summoning                4
Comestibles
 c - a bread ration
 d - a chunk of flesh
 l - a beef jerky


   Skills:
 * Level 2.0 Fighting
 + Level 2.5 Dodging
 - Level 1.7 Stealth
 - Level 2.0 Spellcasting
 + Level 4.4 Summonings


You couldn't memorise any spells.
You knew the following spells:

 Your Spells              Type           Power        Failure   Level  Hunger
a - Summon Small Mammal   Summ           ###.         4%          1    #......
b - Call Imp              Summ           ###.....     8%          2    ###....
c - Call Canine Familiar  Summ           ###.....     12%         3    ###....


Dungeon Overview and Level Annotations

Branches:
Dungeon (2/15)

Altars:
The Shining One


Innate Abilities, Weirdness & Mutations

You are partially covered in yellow scales (AC +2).


Message History

Your hound completely misses the gnoll.
The gnoll hits you with a flail.
* * * LOW HITPOINT WARNING * * *
Drink which item? (? for menu, Esc to quit)
It was a potion of poison.
That liquid tasted very nasty...
You are lethally poisoned!
* * * LOW HITPOINT WARNING * * *
You feel sick.
Your hound barely misses the gnoll.
The gnoll barely misses your hound.
Your hound bites the gnoll but does no damage.
The gnoll closely misses you.
* * * LOW HITPOINT WARNING * * *
You feel sick.
Your hound bites the gnoll.
The gnoll hits your hound with a halberd!
The gnoll hits your hound with a flail.
Your hound dies!
Your hound's corpse disappears in a puff of smoke!
* * * LOW HITPOINT WARNING * * *
You feel sick.
You die...

...#....# #..........
...#....# #...#####..
...##'### ##........#
...##.#######........#
......#.....g.†......#
...####.......>......#
...# .......g####+##
...# ........#### .).#
.........@.# ...#
........##.# ####
........# .# ........#
.# ........# .#
........# .# #########
.# ..


There were no monsters in sight!

Vanquished Creatures
  An adder (D:2)
  3 bats
  3 giant cockroaches (D:1)
  4 goblins (D:1)
  A hobgoblin (D:1)
  6 kobolds
  4 rats (D:1)
22 creatures vanquished.

Vanquished Creatures (collateral kills)
  An adder (D:2)
  A gnoll (D:2)
  A worm (D:2)
  A giant gecko (D:1)
  A goblin (D:1)
  3 hobgoblins (D:1)
  2 jackals (D:2)
  A quokka (D:2)
  2 giant cockroaches
  2 kobolds
  9 rats (D:1)
24 creatures vanquished.

Grand Total: 46 creatures vanquished

Notes
Turn   | Place    | Note
--------------------------------------------------------------
     0 | D:1      | Oddball22 the Demonspawn Summoner began the quest for the Orb.
     0 | D:1      | Reached XP level 1. HP: 13/13 MP: 3/3
   175 | D:1      | Reached skill level 1 in Fighting
   205 | D:1      | Gained mutation: You are partially covered in yellow scales (AC +2). [demonic ancestry]
   205 | D:1      | Reached XP level 2. HP: 7/21 MP: 3/5
   407 | D:1      | Learned a level 2 spell: Call Imp
  1188 | D:1      | Reached XP level 3. HP: 26/26 MP: 6/6
  1667 | D:2      | Learned a level 3 spell: Call Canine Familiar
  1870 | D:2      | Found a glowing golden altar of the Shining One.
  1994 | D:2      | HP: 1/27 [poison (a potion of poison)]
  1996 | D:2      | Succumbed to poison (a potion of poison)

Vault maps used:
D:1:      erik_arrival_orb_chamber
D:2:      overflow_temple_1_default, tso_metal_star

Action                   || total
-------------------------++-------
Melee: Unarmed           ||    21
       Club              ||   122
 Cast: Summon Small Mamm ||     8
       Call Imp          ||     9
       Call Canine Famil ||     5
  Use: Potion            ||     3
 Stab: Sleeping          ||     3
  Eat: Chunk             ||     5
